 Dungeon Sprint DCSS version 0.27.1-1-g398f81649c (webtiles) character file.

Game seed: 46225455074648004

14 styxcanada the Covert (level 2, -2/15 HPs)
             Began as a Spriggan Brigand on Sept 16, 2021.
             Was an Initiate of Gozag.
             Slain by an ogre (17 damage)
             ... in the Dungeon (Sprint VII: "The Pits").
             The game lasted 00:01:13 (109 turns).

styxcanada the Covert (Spriggan Brigand)             Turns: 109, Time: 00:01:13

Health: -2/15      AC:  3    Str:  7    XL:     2   Next: 31%
Magic:  3/3        EV: 17    Int: 12    God:    Gozag
Gold:   189        SH:  0    Dex: 16    Spells: 1/1 levels left

rFire    . . .     SeeInvis +   a - +2 dagger
rCold    . . .     Faith    .   (shield restricted)
rNeg     . . .     Spirit   .   b - +0 robe
rPois    .         Reflect  .   (helmet restricted)
rElec    .         Harm     .   c - +0 cloak
rCorr    .         Rampage  .   (gloves unavailable)
Will     .....     NoTele   +   (boots unavailable)
Stlth    ++++......             (no amulet)
HPRegen  0.05/turn              (no ring)
MPRegen  0.08/turn              (no ring)

@: gold aura, very slightly contaminated, invisible, very quick
A: very small, no large weapons, unfitting armour, see invisible, speed 3
a: Renounce Religion, Potion Petition, Call Merchant, Bribe Branch


You were in the Dungeon.
You worshipped Gozag.
Gozag was aware of your devotion.
You visited 1 branch You collected 189 gold pieces.

Inventory:

Hand Weapons
 a - a +2 dagger (weapon)
Missiles
 d - 8 poisoned darts (quivered)
 e - 2 curare-tipped darts
 m - 10 stones
Armour
 b - a +0 robe (worn)
 c - a +0 cloak (worn)
Scrolls
 k - a scroll of blinking
Potions
 f - a potion of curing
 h - a potion of haste
 i - 4 potions of magic
 j - 3 potions of berserk rage
 l - a potion of invisibility


   Skills:
 * Level 2.0 Fighting
 + Level 2.4 Short Blades
 + Level 2.3 Throwing
 * Level 2.5 Dodging
 * Level 8.5 Stealth


You had one spell level left.
You didn't know any spells.
Your spell library was empty.

Dungeon Overview and Level Annotations

Branches:
Dungeon (1/1)

Altars:
Ashenzari
Cheibriados
Dithmenos
Elyvilon
Fedhas
Gozag
Hepliaklqana
Kikubaaqudgha
Makhleb
Nemelex Xobeh
Okawaru
Qazlal
Ru
Sif Muna
Trog
Uskayaw
Vehumet
Wu Jian
Xom
Yredelemnul
Zin
The Shining One
Beogh
Jiyva
Lugonu


Innate Abilities, Weirdness & Mutations

You are very small and have problems with some larger weapons.
You are too small for most types of armour.
You have supernaturally acute eyesight. (SInv)
You cover ground extremely quickly. (Speed+++)


Message History

The endoplasm freezes you.
You are frozen.
You hit the endoplasm.
You kill the endoplasm!
A ball python, a quokka and an ogre come into view.
There is an open door here.
You see here 36 gold pieces.
The ball python hisses angrily.
The ogre shouts!
The quokka misses you.
You hit the quokka.
The quokka is heavily wounded.
The quokka twitches its whiskers.
The quokka closely misses you. The ball python completely misses you.
The ball python closely misses you.
You closely miss the ball python.
The ball python bites you but does no damage.
The ball python misses you. The quokka misses you.
There is an open door here.
You see here 36 gold pieces.
There is an open door here.
A ball python is nearby!
A ball python is nearby!
The ball python misses you. The ball python completely misses you.
You barely miss the ball python. The ball python bites you.
* * * LOW HITPOINT WARNING * * *
The ball python grabs you. The ball python constricts you.
You escape the ball python's grasp.
There is an open door here.
You feel much better.
You fade into invisibility!
You are very lightly contaminated with residual magic.
You hit the ball python.
You kill the ball python!
You hit the ogre.
The ogre is lightly wounded.
The ogre hits you with a +0 giant club!
Ouch! That really hurt!
You die...
Your body crumbles into a pile of gold.

############
#_________.#
#_________.#
#_______...###########++
##########'##...........
#.?..')))'.##......#..#
##########.##..........
#.......@...'...........
+#####O#####......#..#.
#...#.# #...........
#...#.# ####'#####+
#.O.'.# #.......#
##$#### #.......#
#...r.# #.......#
#.....# #...<...#
#........ #.......#


You could see an ogre.

Vanquished Creatures
  A river rat (D)
  An endoplasm (D)
  3 ball pythons (D)
  A ball python skeleton (D)
  A bat (D)
7 creatures vanquished.

Notes
Turn   | Place    | Note
-------+----------+-------------------------------------------
     0 | D        | styxcanada the Spriggan Brigand began the quest for the
                  | Orb.
     0 | D        | Reached XP level 1. HP: 10/10 MP: 2/2
    12 | D        | Reached skill level 8 in Stealth
    12 | D        | Reached XP level 2. HP: 15/15 MP: 3/3
    14 | D        | Found a bloodstained altar of Trog.
    14 | D        | Found a shimmering blue altar of Sif Muna.
    14 | D        | Found a viscous altar of Jiyva.
    14 | D        | Found a hazy altar of Hepliaklqana.
    14 | D        | Found an opulent altar of Gozag.
    15 | D        | Found a glowing golden altar of the Shining One.
    15 | D        | Found a glowing silver altar of Zin.
    15 | D        | Found a basalt altar of Yredelemnul.
    15 | D        | Found a shimmering altar of Xom.
    15 | D        | Found an ornate altar of the Wu Jian Council.
    15 | D        | Found a sacrificial altar of Ru.
    15 | D        | Found a stormy altar of Qazlal.
    15 | D        | Found an iron altar of Okawaru.
    15 | D        | Found a sparkling altar of Nemelex Xobeh.
    15 | D        | Found a burning altar of Makhleb.
    15 | D        | Found a blossoming altar of Fedhas.
    15 | D        | Found a white marble altar of Elyvilon.
    15 | D        | Found a shadowy altar of Dithmenos.
    15 | D        | Found a snail-covered altar of Cheibriados.
    16 | D        | Found a radiant altar of Vehumet.
    16 | D        | Found a corrupted altar of Lugonu.
    17 | D        | Found an ancient bone altar of Kikubaaqudgha.
    17 | D        | Found a hide-covered altar of Uskayaw.
    17 | D        | Found a broken altar of Ashenzari.
    19 | D        | Became a worshipper of Gozag Ym Sagoz the Greedy
    91 | D        | Noticed an ogre
   109 | D        | Slain by an ogre

Illustrated notes

Levels and vault maps discovered:
D:        pitsprint [storerooms_1, entrance_room_1, metal_vault_3, armoury_1,
          mini_pit_1, grid_room_1, main_hall_1, silver_pit, the_coven_3,
          the_vestibule_1, steel_vault_5, golden_pit, hallway_of_sentries,
          crystal_vault_4, iron_vault_1, final_vault]

Skill      XL: |  1  2 |
---------------+-------+-----
Dodging        | 2 |  2.5
Stealth        | 8 |  8.5
Fighting       | 2 |  2.0
Short Blades   | |  2.4
Throwing       | |  2.3

Action                   || total
-------------------------++-------
Melee: Dagger            ||    16
  Use: Potion            ||     2
 Stab: Sleeping          ||     4
Armor: Robe              ||     1
Dodge: Dodged            ||     9
